 Dungeon Crawl Stone Soup version 0.27-a0-860-gaf99fae3ca (webtiles) character file.

Game seed: 16821102256471105838

58 scarywalker64 the Firebug (level 3, 0/27 HPs)
             Began as a Demigod Fire Elementalist on Apr 1, 2021.
             Succumbed to Robin's poison
             ... on level 3 of the Dungeon.
             The game lasted 00:05:11 (3692 turns).

scarywalker64 the Firebug (DgFE)                    Turns: 3692, Time: 00:05:11

Health: 0/27       AC:  2    Str:  9    XL:     3   Next: 52%
Magic:  4/9        EV: 12    Int: 21    God:
Gold:   78         SH:  0    Dex: 14    Spells: 5/6 levels left

rFire    . . .     SeeInvis .   e - +0 mace
rCold    . . .     Faith    .   (no shield)
rNeg     . . .     Spirit   .   a - +0 robe
rPois    .         Reflect  .   (no helmet)
rElec    .         Harm     .   (no cloak)
rCorr    .         Rampage  .   (no gloves)
Will     .....                  (no boots)
Stlth    ++........             (no amulet)
HPRegen  0.09/turn              (no ring)
MPRegen  0.11/turn              (no ring)

@: lethally poisoned (0 -> -28)
A: high mp 1, forlorn
a: no special abilities


You were on level 3 of the Dungeon.
You visited 1 branch of the dungeon, and saw 3 of its levels.

You collected 78 gold pieces.

Inventory:

Hand Weapons
 e - a +0 mace (weapon)
Missiles
 f - 22 arrows
 g - 51 stones
 h - 11 bolts
 k - 14 sling bullets
Armour
 a - a +0 robe (worn)
Scrolls
 b - 2 scrolls of fog {unknown}
 i - a scroll of noise {unknown}
 l - a scroll of immolation {unknown}
Potions
 c - a potion of mutation {unknown}


   Skills:
 * Level 0.6 Fighting
 + Level 1.8 Dodging
 - Level 2.0 Stealth
 * Level 0.7 Shields
 * Level 2.4 Spellcasting
 + Level 1.2 Conjurations
 * Level 3.3 Fire Magic


You had 5 spell levels left.
You knew the following spells:

 Your Spells              Type           Power      Damage    Failure   Level
a - Foxfire               Conj/Fire      48%        2x1d6     5%          1

Your spell library contained the following spells:

 Spells                   Type           Power      Damage    Failure   Level
 Conjure Flame            Conj/Fire      12%        6-21      17%         3
 Inner Flame              Hex/Fire       9%         N/A       22%         3
 Sticky Flame             Conj/Fire      12%        2d4       50%         4
 Fireball                 Conj/Fire      6%         3d5       83%         5


Dungeon Overview and Level Annotations

Branches:
Dungeon (3/15)

Annotations:
D:3 Robin


Innate Abilities, Weirdness & Mutations

Your attributes grow dramatically as you level up.
You have an increased reservoir of magic. (+10% MP)
You shall have no god before yourself.


Message History

The foxfire hits Robin.
Robin is moderately wounded.
Robin's bangles clink loudly.
Robin misses you.
It was a potion of curing.
You feel better. Robin barely misses you.
You conjure some foxfire!
Robin hits you with a +4 mace of venom!
You are too injured to fight recklessly!
Unknown command.
Casting: Foxfire (safe; 5% risk of failure)
Confirm with . or Enter, or press ? or * to list all spells.
You conjure some foxfire!
The foxfire hits Robin but does no damage.
Robin is moderately wounded.
The foxfire hits Robin but does no damage.
Robin is moderately wounded.
Robin hits you with a +4 mace of venom!
* * * LOW HITPOINT WARNING * * *
Unknown command.
The foxfire hits Robin but does no damage.
Robin is moderately wounded.
The foxfire hits Robin.
Robin is moderately wounded.
You feel better.
Robin says, "A pitiful Demigod like you will never find the ORB!"
Robin hits you with a +4 mace of venom!
* * * LOW HITPOINT WARNING * * *
You are lethally poisoned!
You are too injured to fight recklessly!
It was a potion of heal wounds.
You feel much better.
You feel very sick. Robin completely misses you.
You conjure some foxfire!
You feel sick. Robin barely misses you.
You conjure some foxfire!
You feel sick.
The foxfire hits Robin.
Robin is moderately wounded.
The foxfire hits Robin.
Robin is heavily wounded.
Robin hits you with a +4 mace of venom!
* * * LOW HITPOINT WARNING * * *
You are more poisoned.
You die...

#......#.#
#.....?#.###
##.....#.....
#..........#
#..#.......#+#
#..<).........
#.))g.$.......
#####v.§.......
......v§@.......
###########.....
####


You could see Robin (ally target).

Vanquished Creatures
  A worm (D:2)
  2 dart slugs
  3 ball pythons
  A bat (D:1)
  2 endoplasms (D:1)
  2 giant cockroaches (D:1)
  12 goblins
  4 hobgoblins
  2 jackals (D:1)
  3 quokkas
  A frilled lizard (D:1)
  6 kobolds
  6 rats
45 creatures vanquished.

Vanquished Creatures (others)
  217 foxfires
217 creatures vanquished.

Grand Total: 262 creatures vanquished

Notes
Turn   | Place    | Note
-------+----------+-------------------------------------------
     0 | D:1      | scarywalker64 the Demigod Fire Elementalist began the quest
                  | for the Orb.
     0 | D:1      | Reached XP level 1. HP: 14/14 MP: 5/5
   375 | D:1      | Reached XP level 2. HP: 22/22 MP: 0/7
   847 | D:1      | Reached skill level 3 in Fire Magic
  1176 | D:1      | Reached skill level 1 in Conjurations
  2241 | D:2      | Reached XP level 3. HP: 27/27 MP: 0/9
  3058 | D:3      | Noticed Robin
  3692 | D:3      | Succumbed to Robin's poison

Illustrated notes

Levels and vault maps discovered:
D:1:      erik_arrival_cave_to_civilisation [erik_arrival_cave_to_hall],
          layout_basic
D:2:      layout_basic, basic_ecumenical_altar
D:3:      layout_basic, uniq_robin

Skill      XL: |  1  2  3 |
---------------+----------+-----
Spellcasting   | 2 |  2.4
Fire Magic     | 3 |  3.3
Conjurations   | 1 |  1.2
Stealth        | 2 |  2.0
Fighting       | |  0.6
Dodging        | |  1.8
Shields        | |  0.7

Action                   || total
-------------------------++-------
Melee: Mace              ||     1
 Cast: Foxfire           ||   138
  Use: Potion            ||     3
Armor: Robe              ||     9
Dodge: Dodged            ||    26

Table legend: (Time is in decaauts)
 A = Elapsed time spent in this place.
 B = Non-inter-level travel time spent in this place.
 C = Inter-level travel time spent in this place.
 D = Time resting spent in this place.
 E = Time spent auto-exploring this place.
 F = Levels seen in this place.
 G = Mean time per level.
                   A        B        C        D        E       F      G
               +--------+--------+--------+--------+--------+-----+--------+
         Total |   3692 |   3529 |    163 |      0 |   3215 |   3 | 1230.7 |
       Dungeon |   3692 |   3529 |    163 |      0 |   3215 |   3 | 1230.7 |
               +--------+--------+--------+--------+--------+-----+--------+

Top non-repeatable levels by time:
     D:1: 2101 daAuts
     D:2: 1569 daAuts
     D:3: 22 daAuts
